 Dungeon Crawl Stone Soup version 0.24-a0-115-gd155597332 (webtiles) character file.

Game seed: 5015488607357779057

32 Morbidden the Skirmisher (level 3, 0/20 HPs)
             Began as a Vine Stalker Fighter on Feb 17, 2019.
             Succumbed to an adder's poison
             ... on level 3 of the Dungeon.
             The game lasted 00:01:19 (772 turns).

Morbidden the Skirmisher (Vine Stalker Fighter)      Turns: 772, Time: 00:01:19

Health: 0/20       AC:  7    Str: 23    XL:     3   Next: 27%
Magic:  3/4        EV:  7    Int:  9    God:
Gold:   45         SH:  9    Dex: 13    Spells: 2/2 levels left

rFire    . . .     SeeInvis .     - Unarmed
rCold    . . .     Gourm    .   b - +0 shield
rNeg     . . .     Faith    .   a - +0 scale mail
rPois    .         Spirit   +   (no helmet)
rElec    .         Reflect  .   (no cloak)
rCorr    .         Harm     .   (no gloves)
MR       .....                  f - +0 pair of boots
Stlth    ..........             (no amulet)
HPRegen  0.06/turn              (no ring)
MPRegen  0.09/turn              (no ring)

@: mighty, lethally poisoned (0 -> -4)
A: fangs 2, magic shield, antimagic bite, no potion heal 3, rot immunity
a: no special abilities


You were on level 3 of the Dungeon.
You were not hungry.

You visited 1 branch of the dungeon, and saw 3 of its levels.

You collected 45 gold pieces.

Inventory:

Armour
 a - a +0 scale mail (worn)
 b - a +0 shield (worn)
 f - a +0 pair of boots (worn)
Scrolls
 e - 2 scrolls of teleportation {unknown}
 g - a scroll of identify {unknown}
Comestibles
 d - 2 rations


   Skills:
 * Level 3.1 Fighting
 + Level 2.5 Armour
 + Level 0.6 Stealth
 + Level 2.8 Shields
 * Level 2.6 Unarmed Combat


You had 2 spell levels left.
You didn't know any spells.
Your spell library was empty.

Dungeon Overview and Level Annotations

Branches:
Dungeon (3/15)

Altars:


Innate Abilities, Weirdness & Mutations

You have extremely sharp teeth.
When hurt, damage is shared between your health and your magic reserves.
Your bite disrupts and absorbs the magic of your enemies.
Potions cannot restore your health.
You are immune to rotting.


Message History

An adder comes into view.
The adder hisses angrily.
Found a scroll labeled FUNIP URUFIX and 10 gold pieces.
Unknown command.
Unknown command.
Your shield and scale mail prevent you from hitting the adder.
The adder closely misses you.
Unknown command.
You punch the adder!
You kill the adder!
* * * LOW HITPOINT WARNING * * *
You feel sick.
Unknown command.
A rat comes into view.
You see here an adder corpse.
Unknown command.
Found a stone staircase leading up.
Unknown command.
Unknown command.
You die...

#.. #.. #.# #..
####### #.# .
.......## #.####..#
........###.......#
#....†..@r......
#?#..##.########
.......<#
#........#
#........#
...........
.$#.........#
..#.......#.#


You could see a rat.

Vanquished Creatures
  2 adders
  A dart slug (D:1)
  A hobgoblin (D:1)
  2 bats (D:1)
  A frilled lizard (D:1)
  4 goblins (D:1)
  2 kobolds (D:1)
  3 rats (D:1)
16 creatures vanquished.

Notes
Turn   | Place    | Note
-------+----------+-------------------------------------------
     0 | D:1      | Morbidden the Vine Stalker Fighter began the quest for the
                  | Orb.
     0 | D:1      | Reached XP level 1. HP: 11/11 MP: 2/2
   189 | D:1      | Reached skill level 3 in Fighting
   250 | D:1      | Reached XP level 2. HP: 16/16 MP: 1/3
   757 | D:2      | Reached XP level 3. HP: 5/20 MP: 1/4
   768 | D:3      | HP: 1/20 [poisoned by an adder]
   772 | D:3      | Succumbed to an adder's poison

Levels and vault maps discovered:
D:1:      dpeg_arrival_round_c, layout_loops_corners
D:2:      layout_rooms
D:3:      layout_loops_cross, lemuel_round_altar, overflow_temple_1_default,
          first_ration, kennysheep_nondescript, chequers_serial_rivers_room_b,
          patterned_corridor, uniq_sigmund

Skill      XL: |  1 |
---------------+----+-----
Fighting       | 3 |  3.1
Armour         | |  2.5
Stealth        | |  0.6
Shields        | |  2.8
Unarmed Combat | |  2.6

Action                   || total
-------------------------++-------
Melee: Unarmed           ||    55
       Bite              ||     9
  Use: Potion            ||     1
Armor: Scale mail        ||    21
Dodge: Dodged            ||    16
Block: Shield            ||    31

Table legend:
 A = Non-vault XP
 B = Vault XP
 C = Vault XP percentage of total XP
 D = Non-vault monster count
 E = Vault monster count
 F = Vault count percentage of total count
                 A         B        C        D         E       F
            +---------+---------+-------+---------+---------+-------
      Total |      47 |       0 |   0.0 |      16 |       0 |   0.0
            +---------+---------+-------+---------+---------+-------
        D:1 |      21 |       0 |   0.0 |      14 |       0 |   0.0
        D:2 |      13 |       0 |   0.0 |       1 |       0 |   0.0
        D:3 |      13 |       0 |   0.0 |       1 |       0 |   0.0
            +---------+---------+-------+---------+---------+-------
